 Dungeon Crawl Stone Soup version 0.27-a0-3-gcf006a40f5 (webtiles) character file.

Game seed: 1716564410955061387

810699 mhtbhm the Axe Maniac (level 27, -13/273 HPs)
             Began as a Minotaur Fighter on Jan 1, 2021.
             Was the Champion of the Shining One.
             Mangled by an ushabti (14 damage)
             ... on level 3 of the Tomb of the Ancients on Jan 2, 2021.
             The game lasted 04:20:04 (79365 turns).

mhtbhm the Axe Maniac (Minotaur Fighter)           Turns: 79365, Time: 04:20:04

Health: -13/273    AC: 46    Str: 35 (37) XL:     27
Magic:  23/34      EV: 24    Int:  0 (7)  God:    the Shining One [******]
Gold:   9497       SH: 42    Dex: 15      Spells: 26/26 levels left

rFire    + . .     SeeInvis .   b - +9 broad axe (holy)
rCold    + + +     Faith    +   c - +10 tower shield of Defiance {rElec Regen+ rCorr Dex+6}
rNeg     + + +     Spirit   .   X - +6 crystal plate armour of Zuptolyu {*Corrode rN++ Slay+6}
rPois    .         Reflect  .   A - +2 hat of the Last Heavens {Will+}
rElec    +         Harm     .   W - +0 cloak "Upaedwierph" {rF+ rCorr}
rCorr    +         Rampage  +   R - +2 pair of gloves {Str+3}
Will     +++++                  O - +2 pair of boots {rampage}
Stlth    ..........             G - amulet "Zoen" {Faith Fragile Str+2 Int+2 Stlth+}
HPRegen  0.95/turn              v - ring of Taunas {rN+ Will++ Dex-3 Stlth+}
MPRegen  0.24/turn              T - ring of Nefefoej {*Drain rC++ Will+ Slay+2}

@: lethally poisoned (-13 -> -15), marked, corroded, slowed, lost intelligence,
glowing, very slow
A: retaliatory headbutt, beak, horns 2, iridescent scales 1, large bone plates
1, agile 1, blurry vision 1, cold resistance 1, screaming 2, weak 1, MP-powered
wands
}: 6/15 runes: decaying, serpentine, slimy, silver, iron, obsidian
a: Renounce Religion, Divine Shield, Cleansing Flame, Summon Divine Warrior


You were on level 3 of the Tomb of the Ancients.
You worshipped the Shining One.
The Shining One was exalted by your worship.
You visited 15 branches of the dungeon, and saw 68 of its levels.
You also visited: Trove, Sewer, Bailey, Ice Cave, Volcano and Wizlab.

You collected 14756 gold pieces.
You spent 5259 gold pieces at shops.

Inventory:

Hand Weapons
 a - the +8 mithril axe "Arga" {speed, Will+}
   (Okawaru gifted it to you on level 1 of the Vaults)

   Attacks with this weapon are significantly faster.
   It affects your willpower, your defense against some magical effects.
 b - a +9 broad axe of holy wrath (weapon)
 B - the +9 broad axe of Contradiction {vorpal, rC+ Will+}
   (Okawaru gifted it to you on level 2 of the Orcish Mines)

   It inflicts extra damage upon your enemies.
   It protects you from cold.
   It affects your willpower, your defense against some magical effects.
Missiles
 s - 54 curare-tipped darts (quivered)
 S - 15 silver javelins
Armour
 c - the +10 tower shield of Defiance (worn) {rElec Regen+ rCorr Dex+6}
   (Okawaru gifted it to you on level 3 of the Lair of Beasts)

   It affects your dexterity (+6).
   It insulates you from electricity.
   It increases your rate of regeneration.
   It provides partial protection from all sources of acid and corrosion.
 A - the +2 hat of the Last Heavens (worn) {Will+}
   (You acquired it on level 3 of the Vaults)

   It affects your willpower, your defense against some magical effects.
 D - a +2 pair of boots of flying
 O - a +2 pair of boots of rampaging (worn)
 R - a +2 pair of gloves of strength (worn)
 W - the +0 cloak "Upaedwierph" (worn) {rF+ rCorr}
   (Okawaru gifted it to you on level 2 of the Swamp)

   It protects you from fire.
   It provides partial protection from all sources of acid and corrosion.
 X - the +6 crystal plate armour of Zuptolyu (worn) {*Corrode rN++ Slay+6}
   (Okawaru gifted it to you on level 5 of the Vaults)

   It affects your accuracy and damage with ranged weapons and melee attacks
   (+6).
   It greatly protects you from negative energy.
   It may corrode you when you take damage.
Jewellery
 l - the ring "Xaurph" {rF+ rN+ Will+ Int+3}
   (You found it on level 3 of the Crypt)

   [ring of positive energy]

   It affects your intelligence (+3).
   It protects you from fire.
   It protects you from negative energy.
   It affects your willpower, your defense against some magical effects.
 u - the amulet of Panibele {Reflect rF+ Dex+3 SH+5}
   (You found it in a treasure trove)

   [amulet of reflection]

   It shields you and reflects attacks.
   It affects your dexterity (+3).
   It protects you from fire.
   It affects your SH (+5).
 v - the ring of Taunas (left hand) {rN+ Will++ Dex-3 Stlth+}
   (You found it in an ice cave)

   [ring of positive energy]

   It affects your dexterity (-3).
   It protects you from negative energy.
   It affects your willpower, your defense against some magical effects.
   It makes you more stealthy.
 G - the amulet "Zoen" (around neck) {Faith Fragile Str+2 Int+2 Stlth+}
   (You found it on level 12 of the Dungeon)

   [amulet of faith]

   It allows you to gain divine favour quickly.
   It affects your strength (+2).
   It affects your intelligence (+2).
   It will be destroyed if unequipped.
   It makes you more stealthy.
 T - the ring of Nefefoej (right hand) {*Drain rC++ Will+ Slay+2}
   (You found it on level 5 of the Pits of Slime)

   [ring of willpower]

   It affects your accuracy and damage with ranged weapons and melee attacks
   (+2).
   It greatly protects you from cold.
   It affects your willpower, your defense against some magical effects.
   It causes draining when unequipped.
 Y - the amulet of the Four Winds {rN+ Will+++ Clar}
   (You took it off a fire giant on level 7 of Gehenna)

   [amulet of nothing]

   It protects you from negative energy.
   It affects your willpower, your defense against some magical effects.
   It protects you against confusion.
Wands
 x - a wand of acid (42)
 y - a wand of disintegration (6)
 K - a wand of digging (15)
Scrolls
 f - 7 scrolls of enchant weapon
 g - 29 scrolls of remove curse
 h - 11 scrolls of magic mapping
 m - 7 scrolls of silence
 r - 14 scrolls of enchant armour
 t - 17 scrolls of teleportation
 z - 5 scrolls of blinking
 C - 3 scrolls of fog
 E - 11 scrolls of identify
 I - 2 scrolls of summoning
 J - 10 scrolls of immolation
 Q - 2 scrolls of holy word
 V - a scroll of brand weapon
Potions
 d - 6 potions of might
 e - 12 potions of curing
 j - 4 potions of berserk rage
 k - 2 potions of cancellation
 F - 5 potions of haste
 P - 5 potions of resistance


   Skills:
 O Level 27 Fighting
 O Level 27 Axes
 - Level 4.9 Throwing
 - Level 25.7 Armour
 O Level 27 Dodging
 - Level 1.1 Stealth
 - Level 25.0 Shields
 * Level 16.4 Invocations
 - Level 2.0 Evocations


You had 26 spell levels left.
You didn't know any spells.
Your spell library contained the following spells:

 Spells                   Type           Power        Failure   Level
 Animate Skeleton         Necr           0%           98%         1
 Apportation              Tloc           0%           98%         1
 Corona                   Hex            0%           98%         1
 Foxfire                  Conj/Fire      0%           98%         1
 Freeze                   Ice            0%           98%         1
 Magic Dart               Conj           0%           98%         1
 Pain                     Necr           0%           98%         1
 Sting                    Tmut/Pois      0%           98%         1
 Summon Small Mammal      Summ           0%           98%         1
 Blink                    Tloc           N/A          99%         2
 Call Imp                 Summ           0%           99%         2
 Corpse Rot               Necr/Air       N/A          99%         2
 Ensorcelled Hibernation  Hex/Ice        0%           99%         2
 Passwall                 Tmut/Erth      0%           99%         2
 Poisonous Vapours        Pois/Air       0%           99%         2
 Slow                     Hex            0%           99%         2
 Sublimation of Blood     Necr           0%           99%         2
 Call Canine Familiar     Summ           0%           100%        3
 Conjure Flame            Conj/Fire      0%           100%        3
 Frozen Ramparts          Ice            0%           100%        3
 Gell's Gravitas          Tloc           0%           100%        3
 Ignite Poison            Fire/Tmut/Pois 0%           100%        3
 Inner Flame              Hex/Fire       0%           100%        3
 Lesser Beckoning         Tloc           0%           100%        3
 Mephitic Cloud           Conj/Pois/Air  0%           100%        3
 Static Discharge         Conj/Air       0%           100%        3
 Stone Arrow              Conj/Erth      0%           100%        3
 Summon Guardian Golem    Hex/Summ       0%           100%        3
 Teleport Other           Tloc           0%           100%        3
 Vampiric Draining        Necr           0%           100%        3
 Animate Dead             Necr           0%           100%        4
 Cause Fear               Hex            0%           100%        4
 Ice Form                 Ice/Tmut       0%           100%        4
 Leda's Liquefaction      Hex/Erth       0%           100%        4
 Olgreb's Toxic Radiance  Pois           0%           100%        4
 Passage of Golubria      Tloc           N/A          100%        4
 Petrify                  Tmut/Erth      0%           100%        4
 Sticky Flame             Conj/Fire      0%           100%        4
 Summon Ice Beast         Ice/Summ       0%           100%        4
 Summon Lightning Spire   Summ/Air       0%           100%        4
 Agony                    Necr           0%           100%        5
 Alistair's Intoxication  Tmut/Pois      0%           100%        5
 Bolt of Magma            Conj/Fire/Erth 0%           100%        5
 Borgnjor's Vile Clutch   Necr/Erth      0%           100%        5
 Fireball                 Conj/Fire      0%           100%        5
 Irradiate                Conj/Tmut      0%           100%        5
 Lee's Rapid Deconstruct  Erth           0%           100%        5
 Lightning Bolt           Conj/Air       0%           100%        5
 Metabolic Englaciation   Hex/Ice        0%           100%        5
 Silence                  Hex/Air        0%           100%        5
 Summon Demon             Summ           0%           100%        5
 Summon Forest            Summ/Tloc      0%           100%        5
 Yara's Violent Unravell  Hex/Tmut       0%           100%        5
 Conjure Ball Lightning   Conj/Air       0%           100%        6
 Death Channel            Necr           0%           100%        6
 Eringya's Noxious Bog    Tmut/Pois      0%           100%        6
 Freezing Cloud           Conj/Ice/Air   0%           100%        6
 Hydra Form               Tmut           0%           100%        6
 Iron Shot                Conj/Erth      0%           100%        6
 Shadow Creatures         Summ           N/A          100%        6
 Simulacrum               Ice/Necr       0%           100%        6
 Statue Form              Tmut/Erth      0%           100%        6
 Dragon Form              Tmut           0%           100%        7
 Haunt                    Necr/Summ      0%           100%        7
 Malign Gateway           Summ/Tloc      0%           100%        7
 Monstrous Menagerie      Summ           0%           100%        7
 Summon Greater Demon     Summ           0%           100%        7
 Summon Hydra             Summ           0%           100%        7
 Borgnjor's Revivificati  Necr           0%           100%        8
 Discord                  Hex            0%           100%        8
 Ignition                 Fire           0%           100%        8
 Infestation              Necr           0%           100%        8
 Necromutation            Tmut/Necr      0%           100%        8
 Summon Horrible Things   Summ           0%           100%        8
 Death's Door             Necr           0%           100%        9
 Dragon's Call            Summ           0%           100%        9
 Shatter                  Erth           0%           100%        9
 Tornado                  Air            0%           100%        9


Dungeon Overview and Level Annotations

Branches:
Dungeon (15/15)            Temple (1/1) D:4            Lair (6/6) D:9
  Swamp (4/4) Lair:3        Snake (4/4) Lair:4        Slime (5/5) Lair:6
    Orc (2/2) D:12            Elf (3/3) Orc:2        Vaults (5/5) D:14
  Crypt (3/3) Vaults:3       Tomb (3/3) Crypt:3      Depths (4/5) D:15
   Hell (visited)             Dis (7/7) Hell            Geh (7/7) Hell
    Coc (0/7) Hell            Tar (0/7) Hell          Sewer (visited)
 Bailey (visited)           IceCv (visited)         Volcano (visited)
 WizLab (visited)

Altars:
Ashenzari
Cheibriados
Dithmenos
Elyvilon
Fedhas
Gozag
Hepliaklqana
Kikubaaqudgha
Makhleb
Nemelex Xobeh
Okawaru
Qazlal
Ru
Sif Muna
Trog
Uskayaw
Vehumet
Wu Jian
Xom
Yredelemnul
Zin
The Shining One
Beogh
Jiyva

Shops:
D:5 ?   D:13 (!:   Orc:1 }   Orc:2 [}!(   Snake:2 =**:(   Vaults:3 =(?:
Vaults:5 (

Portals:
Hell: Depths:1 Depths:2 Depths:3 Depths:4
Abyss: Depths:1 Depths:2 Depths:3 Depths:4
Pandemonium: Depths:3 Depths:4
Ziggurat: Depths:4

Annotations:
Crypt:3 1 runed translucent door, Hynnuzim's ghost, veteran CeHu


Innate Abilities, Weirdness & Mutations

You reflexively headbutt those who attack you in melee.
You have a pair of horns on your head.
You have a beak for a mouth.
You are partially covered in iridescent scales. (AC +2)
You are partially covered in large bone plates. (SH +4)
You are agile. (Dex +2)
Scrolls take you a little longer to read.
Your flesh is cold resistant. (rC+)
You sometimes yell uncontrollably at your foes.
You are weak. (Str -2)
You expend magic power (3 MP) to strengthen your wands.


Message History

The royal mummy casts a spell.
The mummy priest mumbles some strange prayers to its god.
The ushabti shakes and rattles deafeningly!
You feel better.
You are engulfed in dark miasma.
You are poisoned.
* * * LOW HITPOINT WARNING * * *
You feel very sick.
You block the bennu's attack. x2; The bennu completely misses you.
The ancient lich casts a spell at you.
You feel haunted. You block the bennu's attack. x2
The bennu barely misses you.
The royal mummy gestures at you while chanting.
Something smites you! The Shining One protects you from harm!
The royal mummy gestures at you while chanting.
Something smites you!
* * * LOW HITPOINT WARNING * * *
You block the skeletal warrior's attack.
The ushabti hits you!
You die...

#......#
#...^..#
+......+
#......#
#...^^.#
#......#
##WWW...##
##○☼8.....##
##..MM@.....#
#3.°°zb8○....#
#..WMMMMz.8(...
#..[Z..3....8...
#...M34.....L...
...M........M...
..............M.
...^.....[......
###############


You could see 3 royal mummies, an ancient lich (fast), a bennu, 3 mummy priests,
2 skeletal warriors, 2 sun demons, a phantasmal warrior (summoned), 2 guardian
mummies, 4 ushabtiu, an ice devil (summoned), a spectral orc (summoned), a smoke
demon (summoned), 3 wraiths and 2 mummies.

Vanquished Creatures
  Asmodeus (Geh:7)
  the Royal Jelly (Slime:5)
  the Serpent of Hell (Dis:7)
  Dispater (Dis:7)
  An ancient lich (Tomb:1)
  15 royal mummies
  Sojobo (Depths:4)
  Boris (Depths:3)
  Vashnia (Snake:4)
  2 caustic shrikes (Depths:3)
  A large abomination (Vaults:5)
  Geryon (Hell)
  Nikola (Snake:4)
  2 golden dragons
  Jory (Crypt:3)
  2 bone dragons
  14 iron giants
  22 Brimstone Fiends
  A Tzitzimitl (Dis:7)
  An iron giant (shapeshifter) (Vaults:5)
  4 tentacled monstrosities
  4 Ice Fiends (Dis:7)
  A hellephant (Depths:3)
  Jorgrun (Elf:1)
  10 Hell Sentinels
  19 titans
  5 liches
  26 acid blobs
  6 deep elf master archers
  8 deep elf blademasters
  4 quicksilver dragons (Dis:7)
  3 Executioners
  3 shadow dragons (Vaults:5)
  10 tengu reavers
  3 storm dragons
  11 sphinxes
  Kirke (Snake:1)
  The ghost of SkiChan the Warrior, an adept MiFi of Okawaru (Swamp:1)
  22 ancient champions
  2 thorn hunters
  A fenstrider witch (Swamp:4)
  10 nagarajas
  11 azure jellies
  17 vault wardens
  Aizul (Depths:1)
  7 deep elf sorcerers
  3 revenants
  11 frost giants
  5 cacodemons
  28 fire giants
  4 deep elf elementalists
  8 iron dragons
  17 balrugs
  An angel (Depths:4)
  3 curse skulls
  7 ghouls
  34 reapers
  A spriggan defender (Depths:4)
  15 ironheart preservers
  29 stone giants
  25 war gargoyles
  15 very ugly things
  8 deep elf demonologists
  5 bennus
  21 vampire knights
  9 deep elf annihilators
  3 green draconians
  A white draconian (Tomb:1)
  A yellow draconian (Tomb:1)
  A lorocyproca (Hell)
  2 red draconians
  2 black draconians (Tomb:1)
  6 spark wasps
  An eleionoma (Swamp:3)
  2 bunyips
  An orange crystal statue (WizLab)
  17 mummy priests
  A crystal guardian (Vaults:4)
  An eidolon (Crypt:3)
  3 blizzard demons
  12 ettins
  3 green deaths
  2 merfolk javelineers
  13 deep elf death magi
  7 death oozes (Slime:5)
  4 quicksilver dragon zombies
  6 jiangshi
  A fire dragon (shapeshifter) (Vaults:5)
  3 deep elf high priests
  Josephine (Lair:5)
  2 merfolk impalers (Depths:2)
  5 quicksilver dragon skeletons
  16 yaktaur captains
  7 fire dragons
  4 rakshasas
  Harold (D:7)
  Erolcha (Orc:2)
  6 boulder beetles
  28 vault guards
  15 naga warriors
  A hell beast (Depths:4)
  8 great orbs of eyes
  19 hydras
  A monstrous demonspawn (Depths:4)
  14 ice dragons
  3 spriggan air magi
  17 centaur warriors
  9 anacondas
  A ghost crab (Swamp:3)
  A catoblepas (Lair:2)
  45 two-headed ogres
  4 deep troll shamans
  A small abomination (Vaults:5)
  18 ogre magi
  2 orc high priests
  5 death scarabs (Tomb:1)
  7 tengu warriors
  A death knight (Vaults:2)
  4 deep troll earth magi
  16 hell hogs
  14 death yaks
  9 vampire magi
  10 naga sharpshooters
  29 dancing weapons
  2 spriggan berserkers (Depths:4)
  16 sun demons
  8 shock serpents
  3 storm dragon zombies
  11 alligators
  A shock serpent (shapeshifter) (D:14)
  33 deep elf knights
  6 titan zombies
  3 sixfirhies (Hell)
  Nergalle (Lair:2)
  42 hell knights
  9 soul eaters
  4 iron golems (Dis:7)
  A shadow wraith (Vaults:3)
  11 iron trolls
  6 salamander mystics
  A bunyip zombie (Crypt:3)
  A spark wasp zombie (Crypt:1)
  4 titan skeletons
  2 storm dragon skeletons
  A goliath frog (shapeshifter) (Vaults:2)
  85 skeletal warriors
  4 ghost moth zombies
  A glowing orange brain (Depths:2)
  3 golden dragon zombies
  2 quicksilver dragon simulacra
  3 unseen horrors
  An infernal demonspawn (Depths:4)
  13 swamp dragons
  5 wizards
  2 anaconda zombies
  4 goliath frogs
  4 spriggan druids
  21 deep elf archers
  A swamp dragon (shapeshifter) (Vaults:4)
  19 flayed ghosts
  2 golden dragon skeletons
  3 bog bodies
  11 naga ritualists
  20 necromancers
  11 deep trolls
  24 phantasmal warriors
  A harpy (shapeshifter) (Vaults:1)
  3 shadow dragon zombies
  19 orc knights
  7 wolf spider zombies
  16 ironbrand convokers
  An obsidian statue (Tomb:1)
  A shadow dragon skeleton (Geh:6)
  71 deep elf magi
  9 mana vipers
  6 shining eyes
  3 will-o-the-wisps
  5 frost giant zombies
  A glowing shapeshifter (Vaults:5)
  36 ugly things
  3 stone giant zombies
  4 iron dragon zombies
  12 orc sorcerers
  13 salamanders
  5 wolf spiders
  A shock serpent zombie (Geh:7)
  4 iron dragon skeletons
  8 fire giant zombies
  5 cyclopes
  30 rust devils
  A moth of wrath (shapeshifter) (Vaults:5)
  3 human skeletons
  3 manticores
  5 guardian serpents
  20 vault sentinels
  3 fire giant skeletons
  8 naga magi
  Maurice (Orc:1)
  6 dire elephant zombies
  8 elephants
  29 black mambas
  2 centaur zombies
  6 frost giant skeletons
  3 eyes of devastation
  9 molten gargoyles
  A torpor snail (Lair:6)
  3 ice statues
  6 stone giant skeletons
  An orange demon (Depths:4)
  3 smoke demons
  25 hellions
  9 cane toads
  4 dire elephant skeletons
  2 minotaur zombies
  6 rime drakes
  3 gargoyles
  50 yaktaurs
  A black draconian zombie (Crypt:3)
  3 yaktaur zombies
  An iron troll zombie (Dis:2)
  7 komodo dragons
  A redback zombie (Crypt:1)
  3 kobold demonologists
  A grey draconian zombie (Crypt:2)
  2 emperor scorpion zombies
  A hellwing (Depths:3)
  9 freezing wraiths
  A rime drake (shapeshifter) (Elf:1)
  23 ice devils
  A catoblepas skeleton (Dis:6)
  An efreet (Geh:4)
  25 tormentors
  21 red devils
  A tengu conjurer (D:15)
  3 polar bears
  30 guardian mummies
  2 queen bees (shapeshifter)
  An iron troll skeleton (Dis:2)
  10 hydra zombies
  A meliai (shapeshifter) (D:14)
  2 harpy zombies
  Prince Ribbit (D:7)
  A queen bee (Lair:2)
  17 hornets
  8 trolls
  A meliai (D:9)
  3 tyrant leeches
  108 slime creatures
  2 harpy skeletons
  16 blink frogs
  3 alligator zombies
  A fire giant simulacrum (Tomb:2)
  4 fire dragon zombies
  6 hydra skeletons
  A frost giant simulacrum (Tomb:2)
  A raiju (shapeshifter) (Depths:3)
  5 ettin zombies
  A guardian serpent zombie (Crypt:2)
  6 black mamba zombies
  2 ice dragon zombies
  2 human simulacra
  An air elemental (Elf:3)
  Sigmund (D:4)
  3 fire dragon skeletons
  A spriggan (shapeshifter) (Vaults:4)
  An alligator skeleton (Tomb:1)
  4 ice dragon skeletons
  4 ettin skeletons
  A redback (shapeshifter) (Depths:3)
  22 spriggans
  38 wraiths
  48 flying skulls
  2 tarantellas (shapeshifter)
  6 wyverns
  13 water elementals
  A ynoxinul (Depths:3)
  45 yaks
  A yak (shapeshifter) (Vaults:3)
  23 fire elementals
  3 hogs (Snake:1)
  6 fire bats (Volcano)
  6 shadows
  2 black mamba skeletons
  A golden eye (shapeshifter) (Elf:1)
  6 golden eyes (Slime:1)
  2 humans (D:9)
  17 ushabtiu
  8 basilisks
  16 vampire mosquitoes
  33 nagas
  6 wargs
  A water moccasin (shapeshifter) (Depths:2)
  19 swamp worms
  41 hell hounds
  3 cane toad zombies
  7 swamp drakes
  16 water moccasins
  A floating eye (Slime:5)
  A deep troll skeleton (Crypt:3)
  46 orc warriors
  2 cane toad skeletons (Geh:7)
  14 necrophages
  2 ettin simulacra
  A hornet zombie (D:14)
  An ice dragon simulacrum (Crypt:1)
  5 phantoms
  11 black bears
  A dream sheep zombie (Crypt:1)
  2 manticore zombies
  5 sky beasts
  4 ice beasts
  7 eyes of draining
  3 snapping turtle zombies
  20 wolves
  18 boggarts
  42 ogres
  33 centaurs
  A swamp dragon skeleton (Crypt:1)
  A torpor snail zombie (Crypt:2)
  2 orc skeletons
  A fire crab zombie (Crypt:1)
  Blork the orc (D:4)
  5 big kobolds
  A big kobold (shapeshifter) (Vaults:2)
  An octopode zombie (Crypt:3)
  16 bullfrogs
  4 human zombies
  5 earth elementals
  A cyclops skeleton (Crypt:3)
  A cane toad simulacrum (Tomb:1)
  A wyvern skeleton (D:9)
  3 troll zombies
  4 scorpions
  39 killer bees
  A snapping turtle simulacrum (Crypt:1)
  2 elf simulacra
  26 wights
  A troll skeleton (Geh:7)
  4 howler monkeys
  A wolf zombie (Crypt:1)
  10 electric eels
  5 crimson imps (Geh:7)
  A spriggan skeleton (Crypt:2)
  3 bullfrog zombies
  A quasit (D:13)
  6 lava snakes (Volcano)
  4 jellies
  22 orc priests
  8 hounds
  3 iguanas
  4 bullfrog skeletons
  5 centaur skeletons
  29 iron imps
  37 orc wizards
  A basilisk skeleton (Crypt:2)
  14 hell rats
  11 worker ants
  A naga zombie (Dis:7)
  An ogre zombie (Dis:7)
  A felid zombie (Crypt:3)
  3 hound skeletons
  46 mummies
  2 worker ant zombies
  Robin (D:2)
  11 gnolls
  12 adders
  A howler monkey skeleton (D:5)
  A river rat (Lair:2)
  3 shadow imps
  12 white imps
  8 ufetubi
  An ooze (D:2)
  An adder zombie (D:9)
  A lava snake skeleton (Crypt:3)
  2 adder skeletons
  5 worms
  7 leopard geckos
  114 orcs
  15 bats
  9 giant cockroaches
  23 goblins
  16 hobgoblins
  8 jackals
  30 kobolds
  7 quokkas
  3 ball pythons
  5 frilled lizards
  A leopard gecko skeleton (D:5)
  A leopard gecko zombie (D:8)
  An orc zombie (Dis:2)
  2 quokka zombies
  10 rats
  5 briar patches (Swamp:2)
  A bush (Elf:2)
  3 butterflies (Lair:6)
  3 crawling corpses (Vaults:5)
  A fungus (Lair:6)
  2 plants (Depths:4)
3451 creatures vanquished.

Vanquished Creatures (collateral kills)
  2 royal mummies
  A fire giant (Vaults:5)
  A stone giant (Tomb:1)
  A mummy priest (Tomb:1)
  4 guardian mummies (Tomb:2)
  An ushabti (Tomb:2)
10 creatures vanquished.

Vanquished Creatures (others)
  A tengu reaver (Depths:4)
  2 fire giants
  A balrug (Depths:3)
  A blizzard demon (IceCv)
  A hell hog (Geh:4)
  2 deep elf knights
  3 hell knights (Depths:3)
  A shadow wraith (Vaults:4)
  A swamp dragon (Swamp:3)
  2 deep elf magi (Elf:2)
  A fire giant zombie (Geh:7)
  3 tyrant leeches (Swamp:3)
  3 bloated husks
  An ice dragon skeleton (Geh:7)
  A fire elemental (Geh:7)
  A naga (Snake:4)
  A hell hound (Geh:2)
  An ogre (Vaults:5)
  A white imp (IceCv)
  An ufetubus (IceCv)
  A frilled lizard (D:5)
  34 foxfires
  68 fungi
  139 plants
  4 toadstools (Depths:4)
275 creatures vanquished.

Grand Total: 3736 creatures vanquished

Notes
Turn   | Place    | Note
-------+----------+-------------------------------------------
     0 | D:1      | mhtbhm the Minotaur Fighter began the quest for the Orb.
     0 | D:1      | Reached XP level 1. HP: 19/19 MP: 0/0
   192 | D:1      | Reached XP level 2. HP: 27/27 MP: 1/1
   687 | D:2      | Reached XP level 3. HP: 21/33 MP: 2/2
  1079 | D:2      | Noticed Robin
  1100 | D:2      | Reached XP level 4. HP: 10/40 MP: 3/3
  1101 | D:2      | Killed Robin
  1489 | D:2      | Found a sparkling altar of Nemelex Xobeh.
  1520 | D:2      | You fall into a shaft and drop 1 floor!
  1665 | D:3      | Found a glowing drain.
  1699 | Sewer    | Entered a sewer
  1859 | Sewer    | Noticed a big kobold
  1869 | Sewer    | Killed a big kobold
  1870 | Sewer    | Reached skill level 5 in Armour
  1870 | Sewer    | Reached XP level 5. HP: 35/46 MP: 4/4
  2001 | Sewer    | Reached skill level 1 in Dodging
  2009 | Sewer    | Reached skill level 5 in Shields
  2084 | Sewer    | Reached XP level 6. HP: 45/53 MP: 5/5
  2347 | D:3      | Found a shadowy altar of Dithmenos.
  3097 | D:4      | Reached skill level 5 in Axes
  3174 | D:4      | Found a staircase to the Ecumenical Temple.
  3270 | D:4      | Found a radiant altar of Vehumet.
  3349 | Temple   | Entered the Ecumenical Temple
  3915 | D:4      | Reached XP level 7. HP: 51/60 MP: 6/6
  3965 | D:4      | Noticed Sigmund
  3973 | D:4      | Killed Sigmund
  3980 | D:4      | Noticed Blork the orc
  3997 | D:4      | Killed Blork the orc
  4632 | D:4      | Reached skill level 5 in Fighting
  4751 | D:5      | Entered Level 5 of the Dungeon
  4951 | D:5      | Reached XP level 8. HP: 61/68 MP: 7/7
  5105 | D:5      | Found a hazy altar of Hepliaklqana.
  5256 | D:5      | Found a burning altar of Makhleb.
  5258 | D:5      | Found Wuotaso's Magic Scroll Shop.
  5259 | D:5      | Found a hide-covered altar of Uskayaw.
  7173 | D:7      | Noticed a two-headed ogre
  7189 | D:7      | Killed a two-headed ogre
  7190 | D:7      | Reached XP level 9. HP: 15/75 MP: 8/8
  7708 | D:7      | Noticed Harold
  7754 | D:7      | Killed Harold
  7755 | D:7      | Reached skill level 10 in Axes
  7797 | D:7      | Noticed Prince Ribbit
  7799 | D:7      | Found the +6 lightning scales {run, rElec}
  7812 | D:7      | Reached skill level 1 in Evocations
  7923 | D:7      | Killed Prince Ribbit
  8263 | D:8      | Reached XP level 10. HP: 81/84 MP: 9/9
  8668 | D:8      | Found a white marble altar of Elyvilon.
  8687 | D:8      | Became a worshipper of Elyvilon the Healer
  8980 | D:8      | Found a shimmering blue altar of Sif Muna.
  9017 | D:8      | Reached * piety under Elyvilon
  9024 | D:8      | Found an ornate altar of the Wu Jian Council.
  9188 | D:9      | Found a bloodstained altar of Trog.
  9213 | D:9      | Paralysed by a hornet for 2 turns
  9423 | D:9      | Reached skill level 10 in Shields
  9481 | D:9      | Found a glowing silver altar of Zin.
  9663 | D:9      | Reached skill level 5 in Dodging
  9807 | D:9      | Found a staircase to the Lair.
  9949 | D:9      | Reached skill level 1 in Stealth
 10328 | D:9      | Reached ** piety under Elyvilon
 10437 | D:9      | Found an iron altar of Okawaru.
 10454 | D:9      | Fell from the grace of Elyvilon
 10454 | D:9      | Became a worshipper of Warmaster Okawaru
 10858 | D:10     | Entered Level 10 of the Dungeon
 11064 | D:10     | Noticed a two-headed ogre
 11069 | D:10     | Reached XP level 11. HP: 88/93 MP: 10/10
 11084 | D:10     | Killed a two-headed ogre
 11287 | D:10     | Reached * piety under Okawaru
 11460 | D:10     | Noticed a centaur warrior
 11480 | D:10     | Killed a centaur warrior
 11906 | D:10     | Reached ** piety under Okawaru
 12858 | D:11     | Reached *** piety under Okawaru
 14227 | D:12     | Reached **** piety under Okawaru
 14297 | D:12     | Found a staircase to the Orcish Mines.
 14467 | D:12     | Noticed a purple ugly thing
 14484 | D:12     | Killed a purple ugly thing
 14519 | D:12     | Noticed a deep elf mage
 14527 | D:12     | Killed a deep elf mage
 14800 | D:12     | Got a clouded iron amulet
 14826 | D:12     | Noticed a two-headed ogre
 14835 | D:12     | Killed a two-headed ogre
 14835 | D:12     | Reached ***** piety under Okawaru
 14844 | D:12     | Reached XP level 12. HP: 42/105 MP: 11/11
 16082 | Orc:1    | Entered Level 1 of the Orcish Mines
 16082 | Orc:1    | Noticed an orc high priest
 16350 | D:12     | Killed an orc high priest
 16732 | Orc:2    | Entered Level 2 of the Orcish Mines
 16740 | Orc:1    | Received a gift from Okawaru
 17353 | Orc:2    | Noticed a two-headed ogre
 17368 | Orc:2    | Killed a two-headed ogre
 17369 | Orc:2    | Reached skill level 10 in Fighting
 17939 | Orc:2    | Found a staircase to the Elven Halls.
 18155 | Orc:2    | Received a gift from Okawaru
 18420 | Orc:2    | Got a shimmering broad axe {god gift}
 18421 | Orc:2    | Identified the +9 broad axe of Contradiction {vorpal, rC+
                  | Will+} (Okawaru gifted it to you on level 2 of the Orcish
                  | Mines)
 18676 | Orc:2    | Found an ancient bone altar of Kikubaaqudgha.
 18684 | Orc:2    | Reached skill level 15 in Axes
 18718 | Orc:2    | Found Emiunem's Distillery.
 18734 | Orc:2    | Paralysed by an orc sorcerer for 6 turns
 18743 | Orc:2    | Noticed Erolcha
 18746 | Orc:2    | Found a radiant altar of Vehumet.
 18750 | Orc:2    | Killed Erolcha
 18911 | Orc:2    | Noticed an ogre mage
 18916 | Orc:2    | Noticed an ogre mage
 18917 | Orc:2    | Paralysed by an orc sorcerer for 4 turns
 19191 | Orc:2    | Found Kuteluh's Antique Armour Shop.
 19218 | Orc:2    | Bought a brightly glowing scale mail for 288 gold pieces
 19223 | Orc:2    | Identified the +5 scale mail of Tomotibb {MP+9} (You bought
                  | it in a shop on level 2 of the Orcish Mines)
 19243 | Orc:2    | Bought a runed tower shield for 240 gold pieces
 19280 | Orc:2    | Reached ****** piety under Okawaru
 19289 | Orc:2    | Killed an ogre mage
 19303 | Orc:2    | Killed an ogre mage
 19303 | Orc:2    | Received a gift from Okawaru
 19321 | Orc:2    | Reached XP level 13. HP: 39/111 MP: 12/12
 19321 | Orc:2    | Found a roughly hewn altar of Beogh.
 19607 | Orc:2    | Found Kaant's Antique Weapon Shop.
 19616 | Orc:2    | Found Jusez's Gadget Boutique.
 20035 | Orc:1    | Reached skill level 10 in Armour
 20203 | Orc:1    | Found Uzeos's Gadget Boutique.
 20203 | Orc:1    | Noticed Maurice
 20217 | Orc:1    | Killed Maurice
 20485 | Orc:1    | Bought a wand of digging (4) for 192 gold pieces
 21610 | D:13     | Found Bogg's Antique Weapon Boutique.
 21689 | D:13     | Received a gift from Okawaru
 21966 | D:13     | Found Kyrrid's Distillery.
 22151 | D:13     | Bought a potion of heal wounds for 70 gold pieces
 22370 | D:13     | Found Akhlamin's Book Shoppe.
 22761 | Lair:1   | Entered Level 1 of the Lair of Beasts
 22978 | Lair:1   | Identified the amulet "Zoen" {Faith Fragile Str+2 Int+2
                  | Stlth+} (You found it on level 12 of the Dungeon)
 23842 | Lair:2   | Noticed Nergalle
 23853 | Lair:2   | Killed Nergalle
 23915 | Lair:2   | Found the +5 demon whip "Spellbinder" {antimagic, Will+}
 23923 | Lair:2   | Received a gift from Okawaru
 23933 | Lair:2   | Reached XP level 14. HP: 117/125 MP: 13/13
 24987 | Lair:3   | Received a gift from Okawaru
 24998 | Lair:3   | Got a scorched tower shield {god gift}
 25004 | Lair:3   | Identified the +10 tower shield of Defiance {rElec Regen+
                  | rCorr Dex+6} (Okawaru gifted it to you on level 3 of the
                  | Lair of Beasts)
 25008 | Lair:3   | Reached skill level 15 in Shields
 25414 | Lair:3   | Found a staircase to the Swamp.
 25831 | Lair:4   | Found a staircase to the Snake Pit.
 26427 | Lair:5   | Noticed Josephine
 26431 | Lair:5   | Killed Josephine
 27188 | Lair:6   | Entered Level 6 of the Lair of Beasts
 27199 | Lair:6   | Found a staircase to the Slime Pits.
 27200 | Lair:6   | Found a viscous altar of Jiyva.
 27231 | Lair:6   | Received a gift from Okawaru
 27247 | Lair:6   | Got a faintly glowing scale mail {god gift}
 27253 | Lair:6   | Identified the +9 scale mail of Absence {rElec Dex-4
                  | Stlth+} (Okawaru gifted it to you on level 6 of the Lair of
                  | Beasts)
 27303 | Lair:6   | Found a dark tunnel.
 27314 | Volcano  | Entered a volcano
 27498 | Volcano  | Found a burning altar of Makhleb.
 27888 | Lair:6   | Reached XP level 15. HP: 128/135 MP: 14/14
 28154 | Lair:6   | Received a gift from Okawaru
 28185 | Lair:6   | Paralysed by a hornet for 3 turns
 28863 | Snake:1  | Entered Level 1 of the Snake Pit
 28911 | Snake:1  | Noticed Kirke
 28924 | Snake:1  | Killed Kirke
 29112 | Snake:1  | Received a gift from Okawaru
 29566 | Snake:2  | Noticed a nagaraja
 29569 | Snake:2  | Found Giha's Jewellery Shop.
 29754 | Snake:2  | Found Cyjodgh's Weapon Shoppe.
 29793 | Snake:2  | Received a gift from Okawaru
 29879 | Snake:2  | Got a steaming executioner's axe {god gift}
 30050 | Snake:2  | Noticed a nagaraja
 30060 | Snake:2  | Killed a nagaraja
 30061 | Snake:2  | Reached XP level 16. HP: 130/146 MP: 15/15
 30232 | Snake:2  | Found Gekhie's General Store.
 30236 | Snake:2  | Found Pid Abre's Book Shop.
 30237 | Snake:2  | Found Cokeaz Wuism's General Store.
 30240 | Snake:2  | Bought a scroll of identify for 28 gold pieces
 30240 | Snake:2  | Bought a potion of heal wounds for 70 gold pieces
 30244 | Snake:2  | Bought a manual of Axes for 1656 gold pieces
 30276 | Snake:2  | Bought a scroll of enchant weapon for 105 gold pieces
 30409 | Snake:2  | Received a gift from Okawaru
 30414 | Snake:2  | Got a pair of dazzling gloves {god gift}
 30425 | Snake:2  | Identified the +0 pair of gloves of the Blessed Realm
                  | {Dex+2} (Okawaru gifted it to you on level 2 of the Snake
                  | Pit)
 30976 | Snake:4  | Entered Level 4 of the Snake Pit
 31255 | Snake:4  | Identified the +0 executioner's axe "Ofoval" {venom,
                  | *Contam rN+ MP+9} (Okawaru gifted it to you on level 2 of
                  | the Snake Pit)
 31430 | Snake:4  | Noticed Vashnia
 31444 | Snake:4  | Received a gift from Okawaru
 31452 | Snake:4  | Killed Vashnia
 31792 | Snake:4  | Reached XP level 17. HP: 137/152 MP: 16/16
 31800 | Snake:4  | Noticed Nikola
 31825 | Snake:4  | Killed Nikola
 31839 | Snake:4  | Received a gift from Okawaru
 32108 | Snake:4  | Got a jewelled scale mail {god gift}
 32114 | Snake:4  | Identified the +6 scale mail of the Howling Mouths {rF+
                  | Str+4} (Okawaru gifted it to you on level 4 of the Snake
                  | Pit)
 32136 | Snake:4  | Got a serpentine rune of Zot
 32702 | Slime:1  | Entered Level 1 of the Pits of Slime
 32702 | Slime:1  | Noticed an acid blob
 32703 | Slime:1  | Noticed an acid blob
 32706 | Slime:1  | Killed an acid blob
 32707 | Slime:1  | Noticed an acid blob
 32708 | Slime:1  | Noticed an acid blob
 33047 | Swamp:1  | Entered Level 1 of the Swamp
 33364 | Swamp:1  | Found a large runed translucent door.
 33365 | Swamp:1  | Found a large runed translucent door.
 33368 | Swamp:1  | Noticed SkiChan's ghost (adept MiFi)
 33396 | Swamp:1  | Killed SkiChan's ghost
 33708 | Swamp:2  | Received a gift from Okawaru
 33714 | Swamp:2  | Got a slimy cloak {god gift}
 33725 | Swamp:2  | Identified the +0 cloak "Upaedwierph" {rF+ rCorr} (Okawaru
                  | gifted it to you on level 2 of the Swamp)
 34936 | Swamp:4  | Entered Level 4 of the Swamp
 34936 | Swamp:4  | Found a frozen archway.
 35095 | Swamp:4  | Received a gift from Okawaru
 35133 | IceCv    | Entered an ice cave
 35289 | IceCv    | Reached XP level 18. HP: 160/160 MP: 17/17
 35320 | IceCv    | Got a glittering iron ring
 35676 | Swamp:4  | Reached skill level 1 in Throwing
 35679 | Swamp:4  | HP: 8/160 [16-headed hydra (4)]
 35679 | Swamp:4  | HP: 1/160 [16-headed hydra (4)]
 35867 | Swamp:4  | Reached skill level 27 in Axes
 36090 | Swamp:4  | Received a gift from Okawaru
 36286 | Swamp:4  | Received a gift from Okawaru
 36306 | Swamp:4  | Got a decaying rune of Zot
 36308 | Swamp:4  | Identified the ring of Taunas {rN+ Will++ Dex-3 Stlth+}
                  | (You found it in an ice cave)
 36535 | Swamp:4  | Got a twisted battleaxe {god gift}
 36536 | Swamp:4  | Identified the +3 battleaxe of Okawaru's Pride {vamp, rF++
                  | Int-2} (Okawaru gifted it to you on level 4 of the Swamp)
 36539 | Swamp:4  | Identified a scroll of acquirement
 36544 | Swamp:4  | Acquired a manual of Evocations
 36954 | D:14     | Found a gate to the Vaults.
 37068 | D:14     | Found a flagged portal.
 37112 | Bailey   | Entered a bailey
 37154 | Bailey   | Found an iron altar of Okawaru.
 37165 | Bailey   | Received a gift from Okawaru
 38440 | Vaults:1 | Entered Level 1 of the Vaults
 38496 | Vaults:1 | Received a gift from Okawaru
 38524 | Vaults:1 | Reached skill level 15 in Fighting
 39385 | Vaults:1 | Received a gift from Okawaru
 39386 | Vaults:1 | Found the +8 mithril axe "Arga" {speed, Will+}
 39512 | Vaults:1 | Reached skill level 10 in Dodging
 39512 | Vaults:1 | Reached XP level 19. HP: 162/172 MP: 18/18
 40165 | Vaults:2 | Received a gift from Okawaru
 40470 | Vaults:2 | Received a gift from Okawaru
 40480 | Vaults:2 | Received a gift from Okawaru
 40718 | Vaults:2 | Received a gift from Okawaru
 40876 | Vaults:3 | Acquired 734 gold pieces
 40880 | Vaults:3 | Acquired the +2 hat of the Last Heavens {Will+}
 40947 | Vaults:3 | Found Lihysug's Book Emporium.
 40999 | Vaults:3 | Received a gift from Okawaru
 41116 | Vaults:3 | Found Untioss's Antique Weapon Boutique.
 41347 | Vaults:3 | Received a gift from Okawaru
 41439 | Vaults:3 | Found Cegup's Magic Scroll Emporium.
 41446 | Vaults:3 | Bought a scroll of magic mapping for 63 gold pieces
 41515 | Vaults:3 | Noticed a bone dragon
 41516 | Vaults:3 | Found a staircase to the Crypt.
 41524 | Vaults:3 | Killed a bone dragon
 41524 | Vaults:3 | Received a gift from Okawaru
 41588 | Vaults:3 | Found Beobevia's Jewellery Shoppe.
 41669 | Vaults:3 | Received a gift from Okawaru
 41673 | Vaults:3 | Received a gift from Okawaru
 41674 | Vaults:3 | Reached XP level 20. HP: 187/187 MP: 19/19
 41694 | Vaults:3 | Got a fine demon blade {god gift}
 41695 | Vaults:3 | Identified the +7 demon blade "Ultimatum" {vamp, rC+ rN+
                  | MP+9 Str+4 SInv} (Okawaru gifted it to you on level 3 of
                  | the Vaults)
 42191 | Vaults:4 | Received a gift from Okawaru
 42274 | Vaults:4 | Received a gift from Okawaru
 42984 | Vaults:5 | Entered Level 5 of the Vaults
 43000 | Vaults:5 | Received a gift from Okawaru
 43024 | Vaults:5 | Reached XP level 21. HP: 115/200 MP: 20/20
 43031 | Vaults:5 | Received a gift from Okawaru
 43325 | Vaults:5 | Received a gift from Okawaru
 43336 | Vaults:5 | Noticed a golden dragon
 43358 | Vaults:5 | Killed a golden dragon
 43678 | Vaults:5 | Received a gift from Okawaru
 43687 | Vaults:5 | Got a dazzling crystal plate armour {god gift}
 43693 | Vaults:5 | Identified the +6 crystal plate armour of Zuptolyu
                  | {*Corrode rN++ Slay+6} (Okawaru gifted it to you on level 5
                  | of the Vaults)
 44184 | Vaults:5 | Found Uvaodoba's Antique Weapon Shop.
 44520 | Vaults:5 | Reached XP level 22. HP: 184/213 MP: 21/21
 44696 | Vaults:5 | Got a silver rune of Zot
 45281 | D:15     | Entered Level 15 of the Dungeon
 45358 | D:15     | Received a gift from Okawaru
 45565 | D:15     | Found a staircase to the Depths.
 45663 | D:15     | Received a gift from Okawaru
 46101 | Depths:1 | Entered Level 1 of the Depths
 46173 | Depths:1 | Found a broken altar of Ashenzari.
 46185 | Depths:1 | Found a one-way gate to the infinite horrors of the Abyss.
 46188 | Depths:1 | Noticed Aizul
 46201 | Depths:1 | Killed Aizul
 46509 | Depths:1 | Found a gateway to Hell.
 46989 | Depths:2 | Received a gift from Okawaru
 47266 | Depths:2 | Found a portal to a secret trove of treasure.
 47691 | Depths:2 | Found the +2 shield of Resistance {rF++ rC++ Will++}
 47783 | Depths:2 | Received a gift from Okawaru
 47845 | Depths:2 | You fall into a shaft and drop 1 floor!
 47856 | Depths:3 | Noticed Boris
 47874 | Depths:3 | Killed Boris
 47889 | Depths:3 | Found a one-way gate leading to the halls of Pandemonium.
 48132 | Depths:3 | Found a huge runed gate.
 48132 | Depths:3 | Found a huge runed gate.
 48132 | Depths:3 | Found a huge runed gate.
 48132 | Depths:3 | Found a huge runed gate.
 48132 | Depths:3 | Found a huge runed gate.
 48132 | Depths:3 | Found a huge runed gate.
 48132 | Depths:3 | Found a huge runed gate.
 48132 | Depths:3 | Found a huge runed gate.
 48135 | Depths:3 | Found a huge runed gate.
 48139 | Depths:3 | Found a huge runed gate.
 48139 | Depths:3 | Found a huge runed gate.
 48139 | Depths:3 | Found a huge runed gate.
 48139 | Depths:3 | Found a huge runed gate.
 48139 | Depths:3 | Found a huge runed gate.
 48139 | Depths:3 | Found a huge runed gate.
 48316 | Depths:3 | Found a huge runed gate.
 48319 | Depths:3 | Found a huge runed gate.
 48319 | Depths:3 | Found a huge runed gate.
 48319 | Depths:3 | Found a huge runed gate.
 48319 | Depths:3 | Found a huge runed gate.
 48319 | Depths:3 | Found a huge runed gate.
 48319 | Depths:3 | Found a huge runed gate.
 48320 | Depths:3 | Found a huge runed gate.
 48321 | Depths:3 | Found a huge runed gate.
 48322 | Depths:3 | Found a huge runed gate.
 48330 | Depths:3 | Found a huge runed gate.
 48330 | Depths:3 | Found a huge runed gate.
 48330 | Depths:3 | Found a huge runed gate.
 48349 | Depths:3 | Reached XP level 23. HP: 121/225 MP: 22/22
 48500 | Depths:3 | Identified the Collected Works on Mutagenic Creation
 48506 | Depths:3 | Got a fine silver ring
 48523 | Depths:3 | Identified the ring "Plog" {rF+ rN+ Str-4 Dex+4} (You found
                  | it on level 3 of the Depths)
 48978 | Depths:3 | Received a gift from Okawaru
 49163 | Depths:3 | Noticed a caustic shrike
 49164 | Depths:3 | Noticed a caustic shrike
 49174 | Depths:3 | Killed a caustic shrike
 49191 | Depths:3 | Killed a caustic shrike
 50155 | Depths:4 | Found a gateway to a ziggurat.
 50374 | Depths:4 | Received a gift from Okawaru
 50839 | Depths:4 | Noticed Sojobo
 50855 | Depths:4 | Killed Sojobo
 51622 | D:13     | Identified the +7 battleaxe of Yredelemnul's Esteem
                  | {vorpal, +Blink Int+4} (You found it on level 13 of the
                  | Dungeon)
 52207 | Slime:3  | Received a gift from Okawaru
 52213 | Slime:3  | Gained mutation: Your body sometimes deteriorates upon
                  | taking damage. [a shining eye]
 52216 | Slime:3  | Gained mutation: You do not regenerate when monsters are
                  | visible. [a shining eye]
 52218 | Slime:3  | Gained mutation: You are weak. (Str -2) [a shining eye]
 52219 | Slime:3  | Gained mutation: Your body often deteriorates upon taking
                  | damage. [a shining eye]
 52247 | Slime:3  | Lost mutation: Your body often deteriorates upon taking
                  | damage. [potion of mutation]
 52247 | Slime:3  | Lost mutation: Your body sometimes deteriorates upon taking
                  | damage. [potion of mutation]
 52247 | Slime:3  | Gained mutation: You are clumsy. (Dex -2) [potion of
                  | mutation]
 52247 | Slime:3  | Gained mutation: Your mind is acute. (Int +2) [potion of
                  | mutation]
 52247 | Slime:3  | Gained mutation: You evolve. [potion of mutation]
 52248 | Slime:3  | Lost mutation: Your mind is acute. (Int +2) [potion of
                  | mutation]
 52248 | Slime:3  | Lost mutation: You are weak. (Str -2) [potion of mutation]
 52248 | Slime:3  | Lost mutation: You are clumsy. (Dex -2) [potion of
                  | mutation]
 52248 | Slime:3  | Lost mutation: You evolve. [potion of mutation]
 52248 | Slime:3  | Gained mutation: You expend magic power (3 MP) to
                  | strengthen your wands. [potion of mutation]
 52248 | Slime:3  | Gained mutation: You tend to lose your temper in combat.
                  | [potion of mutation]
 52248 | Slime:3  | Gained mutation: You are partially covered in large bone
                  | plates. (SH +4) [potion of mutation]
 52248 | Slime:3  | Gained mutation: Your muscles are strong. (Str +2) [potion
                  | of mutation]
 52285 | Slime:4  | Gained mutation: You are partially covered in yellow
                  | scales. (AC +2) [a shining eye]
 52573 | Slime:5  | Entered Level 5 of the Pits of Slime
 52615 | Slime:5  | Reached XP level 24. HP: 238/240 MP: 22/22
 52626 | Slime:5  | Found a viscous altar of Jiyva.
 52659 | Slime:5  | Gained mutation: You are dopey. (Int -2) [a shining eye]
 52660 | Slime:5  | Noticed the Royal Jelly
 52664 | Slime:5  | Gained mutation: Your magical capacity is low. (-10% MP) [a
                  | shining eye]
 52690 | Slime:5  | Killed the Royal Jelly
 52691 | Slime:5  | Reached skill level 1 in Invocations
 52837 | Slime:5  | Identified the Incunabulum of the Creative Mountains
 52875 | Slime:5  | Lost mutation: Your magical capacity is low. (-10% MP)
                  | [potion of mutation]
 52875 | Slime:5  | Lost mutation: Your muscles are strong. (Str +2) [potion of
                  | mutation]
 52875 | Slime:5  | Lost mutation: You are partially covered in yellow scales.
                  | (AC +2) [potion of mutation]
 52875 | Slime:5  | Lost mutation: You tend to lose your temper in combat.
                  | [potion of mutation]
 52875 | Slime:5  | Gained mutation: Your flesh is cold resistant. (rC+)
                  | [potion of mutation]
 52875 | Slime:5  | Gained mutation: You are weak. (Str -2) [potion of
                  | mutation]
 52875 | Slime:5  | Gained mutation: You have a beak for a mouth. [potion of
                  | mutation]
 52890 | Slime:5  | Got a coiled jade ring
 52891 | Slime:5  | Identified the ring "Qixtoink" {rN+ Will+} (You found it on
                  | level 5 of the Pits of Slime)
 52898 | Slime:5  | Identified Ojuthus's Tome of the Eternal Fruit
 52906 | Slime:5  | Got a warped amber ring
 52920 | Slime:5  | Got a slimy rune of Zot
 52922 | Slime:5  | Got a fine turquoise ring
 52935 | Slime:5  | Got a sparkling amber ring
 52951 | Slime:5  | Identified the ring "Qeppuhum" {rN+ Will- Dex+4 Slay+2}
                  | (You found it on level 5 of the Pits of Slime)
 52953 | Slime:5  | Acquired a manual of Dodging
 52955 | Slime:5  | Identified the ring of Nefefoej {*Drain rC++ Will+ Slay+2}
                  | (You found it on level 5 of the Pits of Slime)
 52956 | Slime:5  | Identified the ring "Gackoadi" {Fire rPois Will- Int+4
                  | Dex+7} (You found it on level 5 of the Pits of Slime)
 52963 | Slime:5  | Got a shimmering lead ring
 52964 | Slime:5  | Identified the ring "Piwusaat" {Fire *Corrode rElec MP+9}
                  | (You found it on level 5 of the Pits of Slime)
 52977 | Slime:5  | Gained mutation: You are very weak. (Str -4) [a shining
                  | eye]
 52978 | Slime:5  | Gained mutation: You occasionally shout uncontrollably at
                  | your foes. [a shining eye]
 52980 | Slime:5  | Paralysed by a floating eye for 2 turns
 53052 | Slime:5  | Received a gift from Okawaru
 53406 | Slime:4  | Gained mutation: You are clumsy. (Dex -2) [a shining eye]
 53407 | Slime:4  | Gained mutation: You are frail. (-10% HP) [a shining eye]
 54192 | Depths:2 | You showed the slimy rune of Zot to enter a treasure trove
 54193 | Trove    | Entered a treasure trove
 54219 | Trove    | Got an ancient golden amulet
 54224 | Trove    | Got a twitching bone amulet
 54259 | Trove    | Identified the amulet of Panibele {Reflect rF+ Dex+3 SH+5}
                  | (You found it in a treasure trove)
 54262 | Trove    | Identified the amulet of the Turtle {Reflect *Drain rPois
                  | Int+5 SH+5} (You found it in a treasure trove)
 54364 | Hell     | Entered the Vestibule of Hell
 54364 | Hell     | Noticed Geryon
 54745 | Hell     | Received a gift from Okawaru
 54762 | Hell     | Killed Geryon
 54923 | Hell     | Received a gift from Okawaru
 54992 | Hell     | Reached skill level 15 in Dodging
 55002 | Hell     | Found a gateway to the ashen valley of Gehenna.
 55088 | Geh:1    | Entered Level 1 of Gehenna
 55251 | Geh:3    | Received a gift from Okawaru
 55458 | Geh:4    | Received a gift from Okawaru
 55461 | Geh:4    | Got a heavily runed scale mail {god gift}
 55706 | Geh:4    | Reached skill level 15 in Armour
 55744 | Geh:4    | You fall into a shaft and drop 2 floors!
 55753 | Geh:6    | Reached skill level 27 in Fighting
 55881 | Geh:6    | Reached XP level 25. HP: 104/231 MP: 23/23
 56173 | Geh:6    | You fall into a shaft and drop 1 floor!
 56173 | Geh:7    | Entered Level 7 of Gehenna
 56711 | Geh:7    | Received a gift from Okawaru
 56737 | Geh:7    | Identified the +1 scale mail of Boredom {rF+++} (Okawaru
                  | gifted it to you on level 4 of Gehenna)
 56750 | Geh:7    | Got an ancient broad axe {god gift}
 56751 | Geh:7    | Identified the +1 broad axe of Okawaru's Pride {drain,
                  | *Corrode rPois Dex-4 Stlth+} (Okawaru gifted it to you on
                  | level 7 of Gehenna)
 57331 | Geh:7    | Received a gift from Okawaru
 57600 | Geh:7    | Identified the ring "Neuhao" {EV+4 Str+5 Slay-3}
 58141 | Geh:7    | Identified the +5 spear "Lattin" {protect, Int+4}
 58202 | Geh:7    | Received a gift from Okawaru
 58373 | Geh:7    | HP: 7/231 [Brimstone Fiend/damnation[the effects of Hell]
                  | (30)]
 58424 | Geh:7    | Received a gift from Okawaru
 58798 | Geh:7    | Identified Sif Muna's Handbook of the Frostbite
 58857 | Geh:7    | Identified the +7 sceptre of Asmodeus
 58857 | Geh:7    | Noticed Asmodeus
 58876 | Geh:7    | Killed Asmodeus
 58883 | Geh:7    | Identified the Collected Works on Evil Rites and the
                  | Entourage
 58888 | Geh:7    | Got an obsidian rune of Zot
 58993 | Geh:7    | Reached XP level 26. HP: 168/239 MP: 23/23
 59408 | Hell     | Found a gateway to the decaying netherworld of Tartarus.
 59557 | Hell     | Found a gateway to the freezing wastes of Cocytus.
 59659 | Hell     | Found a gateway to the Iron City of Dis.
 59685 | Dis:1    | Entered Level 1 of the Iron City of Dis
 59981 | Dis:2    | Received a gift from Okawaru
 59991 | Dis:2    | You fall into a shaft and drop 2 floors!
 60042 | Dis:4    | Received a gift from Okawaru
 60615 | Dis:6    | Received a gift from Okawaru
 60720 | Dis:7    | Entered Level 7 of the Iron City of Dis
 61148 | Dis:7    | Received a gift from Okawaru
 61229 | Dis:7    | Got a warped chain mail {god gift}
 61235 | Dis:7    | Identified the +1 chain mail "Ykhol" {rElec rCorr} (Okawaru
                  | gifted it to you on level 7 of the Iron City of Dis)
 61279 | Dis:7    | HP: 8/239 [quicksilver dragon/bolt of dispelling energy
                  | (30)]
 61718 | Dis:7    | Reached XP level 27. HP: 171/245 MP: 25/25
 62601 | Dis:7    | Received a gift from Okawaru
 62602 | Dis:7    | Noticed the Serpent of Hell
 62630 | Dis:7    | Killed the Serpent of Hell
 62647 | Dis:7    | Reached skill level 5 in Invocations
 62648 | Dis:7    | HP: 4/245 [reaper/+6 scythe (27)]
 63050 | Dis:7    | Got a faintly glowing scale mail {god gift}
 63938 | Dis:7    | Identified the +1 scale mail of Mirth {+Blink} (Okawaru
                  | gifted it to you on level 7 of the Iron City of Dis)
 64165 | Dis:7    | Received a gift from Okawaru
 64176 | Dis:7    | Got a pair of slimy gloves {god gift}
 64187 | Dis:7    | Identified the +1 pair of gloves of Qesotun {*Contam Int+8}
                  | (Okawaru gifted it to you on level 7 of the Iron City of
                  | Dis)
 64208 | Dis:7    | Gained mutation: You sometimes yell uncontrollably at your
                  | foes. [mutagenic glow]
 64346 | Dis:7    | Identified the +4 staff of Dispater
 64346 | Dis:7    | Noticed Dispater
 64372 | Dis:7    | Killed Dispater
 64412 | Dis:7    | Got an iron rune of Zot
 66081 | D:13     | Bought a potion of might for 56 gold pieces
 66123 | D:13     | Bought a scorched morningstar for 216 gold pieces
 66123 | D:13     | Identified the +6 morningstar of Santit {holy, +Blink rPois
                  | Str+2 Int-2} (You bought it in a shop on level 13 of the
                  | Dungeon)
 66343 | Orc:1    | Bought a wand of digging (7) for 264 gold pieces
 66524 | Orc:2    | Bought a potion of resistance for 160 gold pieces
 66524 | Orc:2    | Bought 2 potions of curing for 96 gold pieces
 66524 | Orc:2    | Bought a potion of curing for 48 gold pieces
 66524 | Orc:2    | Bought a potion of heal wounds for 80 gold pieces
 66524 | Orc:2    | Bought a potion of might for 64 gold pieces
 66524 | Orc:2    | Bought a potion of might for 64 gold pieces
 66524 | Orc:2    | Bought a potion of heal wounds for 80 gold pieces
 66524 | Orc:2    | Bought a potion of haste for 160 gold pieces
 66571 | Orc:2    | Bought a wand of acid (2) for 216 gold pieces
 66696 | Elf:1    | Entered Level 1 of the Elven Halls
 66744 | Elf:1    | Found a magical portal.
 66753 | WizLab   | Entered Wucad Mu's Monastery
 66903 | WizLab   | Found the +9 staff of Wucad Mu {channel}
 67424 | Elf:1    | Noticed Jorgrun
 67430 | Elf:1    | Killed Jorgrun
 67850 | Elf:1    | Found a runed translucent gate.
 67850 | Elf:1    | Found a runed translucent gate.
 67850 | Elf:1    | Found a runed translucent gate.
 67850 | Elf:1    | Found a runed translucent gate.
 67850 | Elf:1    | Found a runed translucent gate.
 67852 | Elf:1    | Lost mutation: You are frail. (-10% HP) [a cacodemon]
 67858 | Elf:1    | Found a runed translucent gate.
 68648 | Elf:2    | Reached skill level 27 in Dodging
 68831 | Elf:2    | Found a runed translucent gate.
 68831 | Elf:2    | Found a runed translucent gate.
 68832 | Elf:2    | Found a runed translucent gate.
 69049 | Elf:2    | Received a gift from Okawaru
 69290 | Elf:3    | Entered Level 3 of the Elven Halls
 70128 | Elf:3    | Identified the +2 leather armour of Ockicin {+Inv Will+}
 70146 | Elf:3    | Received a gift from Okawaru
 70299 | Elf:3    | Identified Umughuobb's Disquisition on Venom and Earth
 71828 | Snake:3  | You fall into a shaft and drop 1 floor!
 72738 | D:5      | Bought a scroll of acquirement for 728 gold pieces
 72738 | D:5      | Bought a scroll of teleportation for 42 gold pieces
 72738 | D:5      | Bought a scroll of teleportation for 42 gold pieces
 72738 | D:5      | Bought a scroll of teleportation for 42 gold pieces
 72738 | D:5      | Bought a scroll of magic mapping for 49 gold pieces
 72738 | D:5      | Bought a scroll of magic mapping for 49 gold pieces
 72738 | D:5      | Bought a scroll of teleportation for 42 gold pieces
 72738 | D:5      | Bought a scroll of magic mapping for 49 gold pieces
 72907 | Temple   | Fell from the grace of Okawaru
 72907 | Temple   | Became a worshipper of the Shining One
 73633 | Crypt:1  | Entered Level 1 of the Crypt
 73703 | Crypt:1  | Reached * piety under the Shining One
 73814 | Crypt:1  | Acquired 721 gold pieces
 73967 | Crypt:1  | Reached ** piety under the Shining One
 74092 | Crypt:1  | Got an aquamarine-encrusted plate armour
 74432 | Crypt:2  | Reached *** piety under the Shining One
 74465 | Crypt:2  | Found the cursed +14 obsidian axe {vorpal, +Fly SInv
                  | *Curse}
 74608 | Crypt:2  | Reached **** piety under the Shining One
 74919 | Crypt:2  | Lost mutation: You sometimes yell uncontrollably at your
                  | foes. [potion of mutation]
 74919 | Crypt:2  | Lost mutation: You are dopey. (Int -2) [potion of mutation]
 74919 | Crypt:2  | Lost mutation: You are clumsy. (Dex -2) [potion of
                  | mutation]
 74919 | Crypt:2  | Lost mutation: You do not regenerate when monsters are
                  | visible. [potion of mutation]
 74919 | Crypt:2  | Gained mutation: You are partially covered in iridescent
                  | scales. (AC +2) [potion of mutation]
 74919 | Crypt:2  | Lost mutation: You are very weak. (Str -4) [potion of
                  | mutation]
 74919 | Crypt:2  | Gained mutation: Scrolls take you a little longer to read.
                  | [potion of mutation]
 74919 | Crypt:2  | Gained mutation: You are agile. (Dex +2) [potion of
                  | mutation]
 74954 | Crypt:3  | Entered Level 3 of the Crypt
 74963 | Crypt:3  | Reached ***** piety under the Shining One
 75103 | Crypt:3  | Reached ****** piety under the Shining One
 75135 | Crypt:3  | Acquired 975 gold pieces
 75169 | Crypt:3  | Identified the +4 plate armour of the Storm King {rC+ rN+++
                  | Will- Dex+3} (You found it on level 1 of the Crypt)
 75170 | Crypt:3  | Identified a +9 broad axe of holy wrath (a +9 broad axe of
                  | venom blessed by the Shining One)
 75170 | Crypt:3  | Received a gift from the Shining One
 75181 | Crypt:3  | Found a staircase to the Tomb.
 75243 | Crypt:3  | Found a runed translucent door.
 75243 | Crypt:3  | Noticed Hynnuzim's ghost (veteran CeHu)
 75381 | Crypt:3  | Reached skill level 10 in Invocations
 75501 | Crypt:3  | Found an ancient bone altar of Kikubaaqudgha.
 75522 | Crypt:3  | Noticed Jory
 75533 | Crypt:3  | Killed Jory
 75566 | Crypt:3  | Identified Kikubaaqudgha's Almanac of Black Rites
 75590 | Crypt:3  | Got a brightly glowing chain mail
 75601 | Crypt:3  | Identified the +3 chain mail of Honesty {Regen+ Int-5 SInv}
                  | (You found it on level 3 of the Crypt)
 75963 | Crypt:3  | Got a wavering bone amulet
 75963 | Crypt:3  | Got a glittering amber ring
 75970 | Crypt:3  | Identified the amulet "Focwam" {rC+ Regen+} (You found it
                  | on level 3 of the Crypt)
 75973 | Crypt:3  | Identified the ring "Xaurph" {rF+ rN+ Will+ Int+3} (You
                  | found it on level 3 of the Crypt)
 76060 | Tomb:1   | Entered Level 1 of the Tomb of the Ancients
 76606 | Tomb:1   | Noticed an ancient lich
 76624 | Tomb:1   | Killed an ancient lich
 76637 | Tomb:1   | Noticed a royal mummy
 76664 | Tomb:1   | Identified the +7 tower shield "Wuutrukk" {rC++}
 76667 | Tomb:1   | HP: 12/273 [royal mummy/divine providence (11)]
 76671 | Tomb:1   | Killed a royal mummy
 76673 | Tomb:1   | Gained mutation: You sometimes yell uncontrollably at your
                  | foes. [a neqoxec]
 77314 | Tomb:2   | Noticed a royal mummy
 77314 | Tomb:2   | Noticed a royal mummy
 77323 | Tomb:2   | Noticed a royal mummy
 77327 | Tomb:2   | Killed a royal mummy
 77327 | Tomb:2   | Noticed a royal mummy
 77329 | Tomb:2   | Killed a royal mummy
 77330 | Tomb:2   | Killed a royal mummy
 77330 | Tomb:2   | HP: 11/273 [something (20)]
 77342 | Tomb:2   | Killed a royal mummy
 77936 | Tomb:1   | Noticed a royal mummy
 77936 | Tomb:1   | Noticed a royal mummy
 77942 | Tomb:1   | Killed a royal mummy
 77944 | Tomb:1   | Killed a royal mummy
 78049 | Tomb:1   | Noticed a royal mummy
 78051 | Tomb:1   | Noticed a royal mummy
 78056 | Tomb:1   | Killed a royal mummy
 78057 | Tomb:1   | Noticed a royal mummy
 78057 | Tomb:1   | Noticed a royal mummy
 78062 | Tomb:1   | Killed a royal mummy
 78069 | Tomb:1   | Killed a royal mummy
 78073 | Tomb:1   | Killed a royal mummy
 78467 | Tomb:1   | Noticed a royal mummy
 78472 | Tomb:1   | Killed a royal mummy
 78474 | Tomb:1   | Noticed a royal mummy
 78477 | Tomb:1   | Noticed a royal mummy
 78479 | Tomb:1   | Reached skill level 15 in Invocations
 78483 | Tomb:1   | Killed a royal mummy
 78487 | Tomb:1   | Killed a royal mummy
 78489 | Tomb:1   | Noticed a royal mummy
 78494 | Tomb:1   | Killed a royal mummy
 78494 | Tomb:1   | Noticed a royal mummy
 78500 | Tomb:1   | Killed a royal mummy
 78500 | Tomb:1   | Noticed a royal mummy
 78511 | Tomb:1   | Killed a royal mummy
 79343 | Tomb:3   | Entered Level 3 of the Tomb of the Ancients
 79350 | Tomb:3   | Lost intelligence.
 79353 | Tomb:3   | Noticed a royal mummy
 79357 | Tomb:3   | Noticed a royal mummy
 79359 | Tomb:3   | Noticed a royal mummy
 79362 | Tomb:3   | Noticed an ancient lich
 79364 | Tomb:3   | HP: 13/273 [??? (5)]
 79365 | Tomb:3   | The Shining One protects you from harm!
 79365 | Tomb:3   | HP: 1/273 [royal mummy/divine providence (9)]
 79365 | Tomb:3   | Mangled by an ushabti

Illustrated notes

Levels and vault maps discovered:
D:1:      amcnicky_arrival_abandoned_market, layout_basic
D:2:      layout_loops_ring, marbit_many_paths, uniq_robin
D:3:      layout_rooms, nicolae_dithmenos_shadow_blocks, gup_sewer_entry_pipe,
          lemuel_another_geyser
D:4:      layout_gridville, kennysheep_little_box,
          minmay_temple_entry_glassed_door, uniq_blork_the_orc, uniq_sigmund
D:5:      layout_loops_ring, nzn_hepliaklqana_mist_gate,
          chequers_temple_overflow_statue_of_worship, serial_shops, shop_statue,
          lemuel_flame_loot_1
D:6:      layout_gridville, minmay_manual_mares
D:7:      layout_basic, uniq_prince_ribbit1, uniq_harold
D:8:      layout_basic, lemuel_crystal_altar, kennysheep_mini_moat,
          serial_bayou_pond_a, lemuel_blue_sif_altar
D:9:      minmay_ornate_pinched, layout_basic, lemuel_crystal_altar,
          bloody_trog, okawaru_humans, due_lair_maze_entry_diamond
D:10:     layout_roguey, grunt_decor_one_mirror, grunt_tough_drop
D:11:     layout_basic, due_unseen_surprise
D:12:     layout_cave_pods, david_orc_3
D:13:     layout_rooms, serial_shops, nicolae_shop_waterfront, shop_fountains,
          shop
D:14:     wad_cavern_with_rooms, layout_basic, david_vaults_2,
          serial_park_square3 [serial_park_minivault_5x5_6], enter_bailey_2,
          kb_rosetta
D:15:     grunt_enter_depths_hoard, layout_loops_cross, nrook_uturn
Temple:   minmay_temple_curvy_loop
Lair:1:   layout_regular_city
Lair:2:   regret_index_tunnel_blossom, layout_big_grid, uniq_nergalle
Lair:3:   layout_gridlike, nicolae_swamp_entry_splash_gauntlet,
          lemuel_fruit_tree, grunt_megastairs_3
Lair:4:   layout_regular_city, guppyfry_snake_entry_island
Lair:5:   layout_roguey, st_stairs_4, uniq_josephine
Lair:6:   minmay_lair_end_enchanted_forest, layout_regular_city, slime_altar_1,
          lightli_volcano_entry_magma_tube, disabler_island,
          lemuel_fruit_fields, lemuel_fruit_fields, serial_bayou_shore_b,
          serial_bayou_shore_b, infiniplex_staircase_pool_2
Swamp:1:  layout_basic_swamp, ebering_ghost_disaster_area,
          evilmike_swamp_ruin_house_3
Swamp:2:  layout_basic_swamp, evilmike_swamp_ruin_rubble_1,
          infiniplex_staircase_pool
Swamp:3:  layout_falls_marsh, nicolae_swamp_stair_fork
Swamp:4:  swamp_alternative, layout_basic_swamp,
          portal_ice_cave_entry_pillars_1, swamp_pool3
Snake:1:  layout_onion, grunt_ministairs_6, uniq_kirke
Snake:2:  layout_onion, serial_shops, shop, minmay_shop_grid_forest,
          hangedman_corner_corridor, grunt_megastairs_5
Snake:3:  layout_rooms
Snake:4:  johnstein_snake_rune_scales, layout_gridlike, uniq_nikola
Slime:1:  layout_caves
Slime:2:  layout_caves
Slime:3:  layout_caves
Slime:4:  layout_caves
Slime:5
Orc:1:    minmay_goldmine, layout_caves, serial_shops, shop, uniq_maurice
Orc:2:    kennysheep_orc_mage_school, layout_caves
Elf:1:    eino_elf_arrival_customs, layout_geoelf_diagonals, serial_glass,
          glass_columns_a, glass_columns_a, mu_enter_wizlab_6, orc_legates,
          uniq_jorgrun
Elf:2:    layout_geoelf_diagonals
Elf:3:    grunt_elf_hall_asides, layout_geoelf_octagon, grunt_ministairs_9,
          grunt_megastairs_4
Vaults:1: vaults_dpeg_doors, nicolae_vaults_arrows, hangedman_vaults_impose,
          ontoclasm_vaults_shuriken, nicolae_vaults_quadrants,
          ontoclasm_vaults_tryst, vaults_room_fours, hangedman_vaults_trim,
          nicolae_vaults_shelves_hall, vaults_room_pool,
          nicolae_vaults_little_squares_3, layout_vaults_omnicross
Vaults:2: v_rooms_5, v_alt_pattern_3, nicolae_vaults_mini_display_case,
          ontoclasm_vaults_fault, nicolae_vaults_big_ls, vaults_mumra_chevron,
          vaults_mumra_chevron_long, v_misc_22, nicolae_vaults_little_squares_2,
          layout_vaults_ring
Vaults:3: nicolae_vaults_hallways_thing, minmay_crypt_entry_nasty_monster,
          serial_ice_g, grunt_vaults_hallway_short,
          vaults_mumra_minichess_inversion, nicolae_vaults_network_quinsquares
          [nicolae_vaults_network_quincunx_subvault,
          nicolae_vaults_network_quincunx_subvault,
          nicolae_vaults_network_quincunx_subvault,
          nicolae_vaults_network_quincunx_subvault], vaults_mumra_hexcomb,
          vaults_dpeg_encased_lava, v_misc_27, hangedman_vaults_slice,
          hangedman_vaults_slice, layout_vaults_omnibox, serial_shops,
          nicolae_shop_crystal, nicolae_shop_stone, shop, shop_statue
Vaults:4: hangedman_vaults_trim, v_misc_31, vaults_mumra_lcd,
          grunt_vaults_trifunnel, nicolae_vaults_sealed_display, v_misc_19,
          v_misc_23, nicolae_vaults_diagonal_hallway_6, v_misc_27,
          grunt_vaults_bifocal, vaults_mumra_minichess,
          nicolae_vaults_rhombus_7, layout_vaults_maze_snakey
Vaults:5: serial_shops
Crypt:1:  layout_chaotic_city
Crypt:2:  layout_misc_corridors
Crypt:3:  church_of_pain_bobbens, layout_chaotic_city,
          ebering_ghost_reflecting_pool
Tomb:1
Tomb:2
Tomb:3
Depths:1: layout_forbidden_donut, kennysheep_small_spiral,
          grunt_hell_entry_dis_mu, abyss_entry, ashenzari_altar_1, uniq_aizul
Depths:2: nzn_winding_woodlands_stair_trap [nzn_winding_woodlands_5x15_cabin,
          nzn_winding_woodlands_5x15_longhouse,
          nzn_winding_woodlands_5x15_parted,
          nzn_winding_woodlands_15x15_five_gardens,
          nzn_winding_woodlands_5x15_river_crossing,
          nzn_winding_woodlands_5x15_twine, nzn_winding_woodlands_5x15_garden],
          layout_cave_shapes, serial_bayou, serial_bayou_shore_b,
          serial_bayou_crossing, serial_bayou_pond_c, serial_bayou_pond_b,
          serial_bayou_pond_e, serial_bayou_ford_a, abyss_entry,
          chequers_serial_rivers_micro_c, nicolae_trove_entry_isolated,
          hell_entry, lightli_fourway_metalbox, firewood_loft
Depths:3: minmay_slanted_spiral_squares, layout_basic, rand_demon_pan_entry_8,
          abyss_entry_glasseish, hell_entry, not_door_vault_due,
          minmay_staircase_statues_hall_small, uniq_boris
Depths:4: kennysheep_funnel, layout_gridlike, enter_ziggurat_f,
          abyss_entry_crystal, rand_demon_pan_entry_7, hangedman_coc_ice_floe,
          kennysheep_flooded_box, minmay_gold_behind_fungi,
          kennysheep_generic_room_13, uniq_sojobo, uniq_jory
Hell
Dis:1:    layout_subdivisions
Dis:2:    hangedman_dis_monolith, layout_chaotic_city
Dis:4:    layout_subdivisions
Dis:5:    layout_gridville
Dis:6:    layout_regular_city
Dis:7:    dis_grunt_layers
Geh:1:    layout_gehenna_pools_triple
Geh:2:    layout_gehenna_lava_caves, hangedman_elemental_grid_stream
Geh:3:    layout_gehenna_pools_box
Geh:4:    layout_gehenna_lava_caves, lemuel_elevator
Geh:6:    layout_gehenna_pools_box
Geh:7:    geh_grunt_pentagon

Skill      XL: |  1  2  3  4  5  6  7  8  9 10 11 12 13 14 15 16 17 18 19 20 21 22 23 24 25 26 27 |
---------------+----------------------------------------------------------------------------------+-----
Shields        | 4 5 6 8 9 11 12 13 14 15 17 18 20 21 23 24 25 | 25.0
Armour         | 4 5 6 7 8 9 10 11 12 13 14 15 16 18 25 | 25.7
Fighting       | 4 5 6 7 9 10 11 13 14 15 17 19 21 22 24 27 | 27.0
Axes           | 3 4 5 6 9 10 12 13 15 17 18 20 24 26 27 | 27.0
Dodging        | 1 2 3 4 5 6 7 8 9 10 11 12 14 16 21 24 27 | 27.0
Evocations     | 1 2 |  2.0
Stealth        | 1 |  1.1
Throwing       | 4 |  4.9
Invocations    | 1 2 4 16 | 16.4

Action                   |  1- 3 |  4- 6 |  7- 9 | 10-12 | 13-15 | 16-18 | 19-21 | 22-24 | 25-27 || total
-------------------------+-------+-------+-------+-------+-------+-------+-------+-------+-------++-------
Melee: War axe           |    89 |   180 |   245 |   815 |       |       |       |       |       ||  1329
       Headbutt          |    11 |    35 |    42 |   189 |   200 |   295 |   260 |   435 |   916 ||  2383
       Broad axe         |       |       |       |    69 |   901 |  1037 |   805 |  1301 |  2615 ||  6728
       Peck              |       |       |       |       |       |       |       |   142 |   843 ||   985
Throw: Dart              |       |       |       |     4 |     1 |     4 |       |     1 |     7 ||    17
       Javelin           |       |       |       |       |       |       |       |       |     1 ||     1
Invok: Heroism           |       |       |       |       |       |       |     2 |     3 |     3 ||     8
       Finesse           |       |       |       |       |       |       |       |     1 |     3 ||     4
       Cleansing Flame   |       |       |       |       |       |       |       |       |    17 ||    17
       Summon Divine War |       |       |       |       |       |       |       |       |     5 ||     5
       Divine Shield     |       |       |       |       |       |       |       |       |     1 ||     1
       Brand Weapon With |       |       |       |       |       |       |       |       |     1 ||     1
 Abil: Stop Flying       |       |       |       |       |       |       |       |       |     1 ||     1
       Evoke Flight      |       |       |       |       |       |       |       |       |     1 ||     1
Evoke: Wand              |       |     4 |     3 |    12 |     3 |     7 |       |     4 |     6 ||    39
       Condenser vane    |       |       |       |       |     1 |     3 |     3 |     3 |     2 ||    12
  Use: Scroll            |       |    10 |     8 |     6 |     8 |    16 |     3 |    21 |    26 ||    98
       Potion            |       |       |     1 |     2 |     1 |     6 |     1 |    12 |    45 ||    68
 Stab: Confused          |       |       |       |       |     4 |       |    32 |       |       ||    36
       Sleeping          |       |       |       |       |     5 |     7 |     8 |     9 |     2 ||    31
       Distracted        |       |       |       |       |     2 |       |       |     4 |     1 ||     7
Armor: Scale mail        |    45 |    93 |    28 |    39 |   170 |   280 |    90 |   151 |   155 ||  1051
       Ring mail         |       |       |    19 |   184 |       |       |       |       |       ||   203
       Crystal plate arm |       |       |       |       |       |       |       |       |   250 ||   250
Dodge: Dodged            |    29 |    65 |    54 |   242 |   129 |   282 |   117 |   207 |   531 ||  1656
       Repelled          |       |       |       |     5 |     4 |    10 |       |       |       ||    19
Block: Kite shield       |    50 |   126 |       |       |       |       |       |       |       ||   176
       Tower shield      |       |    17 |   206 |   860 |   863 |  1279 |   758 |  1411 |  2854 ||  8248

Table legend: (Time is in decaauts)
 A = Elapsed time spent in this place.
 B = Non-inter-level travel time spent in this place.
 C = Inter-level travel time spent in this place.
 D = Time resting spent in this place.
 E = Time spent auto-exploring this place.
 F = Levels seen in this place.
 G = Mean time per level.
                   A        B        C        D        E       F      G
               +--------+--------+--------+--------+--------+-----+--------+
         Total |  78258 |  75857 |   2401 |  16304 |  32508 |  74 | 1057.5 |
       Dungeon |  21881 |  21093 |    788 |   4712 |  10128 |  15 | 1458.7 |
        Temple |    341 |    341 |      0 |      0 |    183 |   1 |  341.0 |
          Lair |   7107 |   7073 |     34 |     33 |   4165 |   6 | 1184.5 |
         Swamp |   3296 |   3280 |     16 |    447 |   1744 |   4 |  824.0 |
     Snake Pit |   4047 |   3950 |     97 |    541 |   1979 |   4 | 1011.8 |
    Slime Pits |   1529 |   1529 |      0 |    479 |    482 |   5 |  305.8 |
  Orcish Mines |   5290 |   4903 |    387 |   1820 |   1552 |   2 | 2645.0 |
   Elven Halls |   3907 |   3791 |    116 |    737 |   1863 |   3 | 1302.3 |
        Vaults |   7610 |   7160 |    450 |    561 |   3812 |   5 | 1522.0 |
         Crypt |   2313 |   2243 |     70 |     66 |   1381 |   3 |  771.0 |
          Tomb |   3306 |   3216 |     90 |   1540 |    753 |   3 | 1102.0 |
        Depths |   6138 |   5889 |    249 |    867 |   3163 |   4 | 1534.5 |
          Hell |    899 |    887 |     12 |    181 |    344 |   1 |  899.0 |
           Dis |   4690 |   4638 |     52 |   2051 |    120 |   6 |  781.7 |
       Gehenna |   3715 |   3675 |     40 |   2113 |      0 |   6 |  619.2 |
         Trove |     76 |     76 |      0 |      0 |      0 |   1 |   76.0 |
         Sewer |    491 |    491 |      0 |     60 |    258 |   1 |  491.0 |
        Bailey |    465 |    465 |      0 |      0 |    246 |   1 |  465.0 |
      Ice Cave |    418 |    418 |      0 |     88 |     50 |   1 |  418.0 |
       Volcano |    406 |    406 |      0 |      7 |    162 |   1 |  406.0 |
        Wizlab |    324 |    324 |      0 |      0 |    121 |   1 |  324.0 |
               +--------+--------+--------+--------+--------+-----+--------+

Top non-repeatable levels by time:
   Dis:7: 3748 daAuts
   Orc:2: 3580 daAuts
   Geh:7: 2707 daAuts
    D:12: 2606 daAuts
  Tomb:1: 2409 daAuts
Depths:2: 2141 daAuts
    D:11: 2119 daAuts
     D:9: 2090 daAuts
    D:10: 1867 daAuts
Vaults:4: 1776 daAuts
     D:5: 1773 daAuts
   Orc:1: 1710 daAuts
   Elf:1: 1636 daAuts
Vaults:1: 1633 daAuts
     D:4: 1628 daAuts
